[Event "Azerbaijan Women Championship 2022"]
[Site "Baku"]
[Date "2022.05.21"]
[Round "5.2"]
[White "Abdulla, Khayala"]
[Black "Allahverdiyeva, Ayan"]
[Result "1/2-1/2"]
[ECO "D02"]
[WhiteElo "2219"]
[BlackElo "2120"]
[Annotator "TA"]
[PlyCount "121"]
[EventDate "2022.05.17"]
[EventType "tourn"]
[EventCountry "AZE"]
[SourceTitle "playchess.com"]
[Source "ChessBase"]
[SourceQuality "1"]
[TimeControl "40/5400+30:1800+30"]

1. d4 Nf6 2. Nf3 d5 3. Bf4 c5 4. e3 Nc6 5. Nbd2 Bg4 6. h3 {[%emt 0:04:20] D02: 1 d4 d5 2 Nf3 sidelines, including 2...Nf6 3 g3 and 2...Nf6 3 Bf4.} Bh5 7. c3 e6 8. Qb3 Qc8 9. Ne5 {[%emt 0:03:47] 9.Be2 gains popularity.} c4 {[%emt 0:04:30] [#]} 10. Qa4 $146 ({Predecessor:} 10. Qc2 Nxe5 11. Bxe5 Nd7 12. Bg3 Bg6 13. Qc1 b5 14. Be2 Be7 15. O-O O-O 16. Bf3 {0-1 (61) Kljako,D (2181)-Plenca,J (2339) Zupanja 2011}) 10... a6 11. Ndf3 (11. g4 b5 12. Qd1) 11... b5 12. Qc2 Be7 13. g4 Bg6 14. Nxg6 hxg6 15. Bg2 b4 16. Nd2 Nd7 17. Nxc4 bxc3 {[%emt 0:09:12] Hoping for ...Nb4.} 18. Nd6+ Bxd6 19. Bxd6 cxb2 20. Qxb2 {[%emt 0:01:40] Rc1 is the strong threat.} Na5 $1 21. Rc1 Nc4 22. Qb4 a5 23. Qa4 Qa6 24. Ba3 Nxa3 25. Qxa3 Qb5 26. Rc7 Rb8 (26... Qb4+ $11 27. Qc3 Ke7) 27. Kd2 Qb2+ 28. Qxb2 Rxb2+ 29. Kc3 Rb8 30. Rc1 Nb6 31. Bf1 O-O 32. Bb5 $36 {[%emt 0:00:49][%mdl 2048] White is pushing.} Nc8 33. Bd3 {[%emt 0:01:24] White is much more active.} Nd6 {[%emt 0:06:55] [#]} 34. Rc5 ({White should try} 34. Kd2 $1 $16) 34... a4 35. Rb1 Rxb1 36. Bxb1 $11 {[%emt 0:00:01][%mdl 4096] Endgame KRB-KRN} Rb8 (36... f5 $1 $11 {keeps the balance.}) 37. Bd3 $16 a3 {[%emt 0:00:16] [#]} (37... Ra8 $16) 38. Ra5 $1 $18 Rb2 39. f3 (39. Rxa3 $16 Rxf2 40. Ra8+ Kh7 41. a4) 39... Rxa2 $11 40. Ra6 Ra1 $2 41. Rxd6 $18 {[%emt 0:04:32] And now Rd8+ would win. KRB-KR} Re1 $2 (41... Rc1+ 42. Kb3 Kf8) 42. Ra6 {[%emt 0:02:26] Threatens to win with Ra8+.} Rxe3 43. h4 ({Weaker is} 43. Rxa3 Kf8 44. Kb4 (44. Ra8+ Ke7 $16) 44... Rxf3 $16) (43. Ra8+ $142 Kh7 44. Rxa3) 43... Kf8 44. Rxa3 {[%emt 0:06:30] aiming for Kb4.} Rxf3 45. Ra8+ Ke7 46. Rg8 Rh3 47. Rh8 (47. Rxg7 $16 Rxh4 48. Bxg6) 47... g5 $11 {[%emt 0:01:04] The position is equal.} 48. Rg8 Rxh4 ({But not} 48... gxh4 49. Rxg7 Kf6 50. Rh7 $14) 49. Be2 g6 50. Kd2 Rh3 51. Ra8 Rg3 52. Ra7+ Kf8 53. Ra4 Ke7 54. Ke1 f5 55. Kf2 Rb3 56. Bf3 Rb2+ 57. Ke3 Rb3+ 58. Kf2 Rb2+ 59. Ke3 Rb3+ 60. Kf2 Rb2+ 61. Ke3 {[%emt 0:00:41] Weighted Error Value: White=0.12 (very precise) /Black=0.21 (precise)} 1/2-1/2

[Event "Azerbaijan Women Championship 2022"]
[Site "Baku"]
[Date "2022.05.21"]
[Round "5.3"]
[White "Hajiyeva, Laman"]
[Black "Beydullayeva, Govhar"]
[Result "1-0"]
[ECO "B22"]
[WhiteElo "1971"]
[BlackElo "2384"]
[Annotator "TA"]
[PlyCount "47"]
[EventDate "2022.05.17"]
[EventType "tourn"]
[EventCountry "AZE"]
[SourceTitle "playchess.com"]
[Source "ChessBase"]
[SourceQuality "1"]
[TimeControl "40/5400+30:1800+30"]

1. e4 c5 2. c3 d5 3. exd5 Qxd5 4. d4 Nf6 5. Nf3 e6 6. Na3 Nc6 7. Be3 {[%emt 0:05:37] is the new trend.} cxd4 {[%emt 0:00:40] [#] B22: Sicilian: 2 c3.} 8. Nb5 $1 {[%emt 0:01:00] Nc7+ is the strong threat.} Qd7 {[%emt 0:00:08] Against Nc7+} (8... Qd8 9. Nbxd4) 9. Nbxd4 Be7 {[%emt 0:00:11] The position is equal.} 10. Bd3 Nd5 11. Bd2 O-O {[%emt 0:06:56] [#]} 12. Qc2 $146 ({Predecessor:} 12. O-O Nxd4 13. Nxd4 b6 14. Bb5 Qc7 15. Bc6 Bb7 16. Bxb7 Qxb7 17. c4 Nf6 18. Qe2 Rfd8 19. Nf3 Rac8 20. Rfe1 Nd7 21. Bg5 Nc5 22. Bxe7 Qxe7 23. Rad1 h6 {½-½ (23) Plenca,J (2462)-Beerdsen,T (2491) Split 2019}) 12... h6 13. Nxc6 bxc6 14. O-O-O Qc7 15. h4 f5 ({Better is} 15... Rb8 $11) 16. Rde1 Bf6 17. g4 fxg4 18. Ng5 (18. Bh7+ $1 $14 Kh8 19. Ng5 $1) 18... Be5 (18... hxg5 $11 19. hxg5 Be5 20. Bh7+ Kf7) 19. Bh7+ $14 Kh8 20. Bg8 $1 Rf5 $2 {[%emt 0:04:09][%mdl 8192] [#] This move loses the game for Black.} (20... Nf6 $1 $14 21. Bxe6 (21. Nxe6 Bxe6 22. Bxe6 Qd6 $11) 21... Bf4) 21. Rxe5 $1 $18 ({Not} 21. Bxe6 Bxe6 22. Nxe6 Qf7 $17) 21... Bd7 {[%emt 0:17:53] [#]} (21... Qxe5 22. Nf7+ Kxg8 23. Nxe5 Rxe5) 22. Bxe6 $1 {[%emt 0:04:44] White is clearly winning.} Bxe6 (22... Qxe5 23. Bxd7) 23. Rxe6 Raf8 {[%emt 0:02:02] [#]} 24. Qxf5 $3 {[%emt 0:00:41][%mdl 512] Weighted Error Value: White=0.07 (flawless) /Black=0.81} 1-0

[Event "Azerbaijan Women Championship 2022"]
[Site "Baku"]
[Date "2022.05.21"]
[Round "5.4"]
[White "Fataliyeva, Ulviyya"]
[Black "Mamedjarova, Turkan"]
[Result "0-1"]
[ECO "E04"]
[WhiteElo "2348"]
[BlackElo "2264"]
[Annotator "TA"]
[PlyCount "72"]
[EventDate "2022.05.17"]
[EventType "tourn"]
[EventCountry "AZE"]
[SourceTitle "playchess.com"]
[Source "ChessBase"]
[SourceQuality "1"]
[TimeControl "40/5400+30:1800+30"]

1. d4 d5 2. c4 e6 3. Nf3 Nf6 4. g3 dxc4 5. Bg2 c5 6. O-O Nc6 7. dxc5 Qxd1 {[%emt 0:10:38] E04: Open Catalan: 5 Nf3.} 8. Rxd1 e5 9. Na3 {[%emt 0:05:52] Threatens to win with Nb5.} Be6 {[%emt 0:09:24][%cal Bc8e6,Be6d5,Bd5c6][%mdl 32] [#] White is slightly better.} 10. Nxe5 $146 ({Predecessor:} 10. Ng5 Bg4 11. Nxc4 Bxe2 12. Nd6+ Bxd6 13. Rxd6 h6 14. Ne4 Nxe4 15. Bxe4 Rd8 16. Rxd8+ {½-½ (16) Kharitonov,A-Khalifman,A (2485) Lvov 1985}) 10... Nxe5 $17 11. Bxb7 Rd8 (11... Rb8 $17 12. c6 Bc5) 12. Be3 Bd5 13. Nb5 Bc6 14. Rxd8+ Kxd8 15. Rd1+ Nfd7 $1 16. Ba6 Be7 17. h3 (17. f4 $5 Ng4 18. Bd4 $11) 17... g5 18. Bd4 f6 {[%emt 0:01:34] next ...Bxb5 is good for Black.} 19. b3 {[%emt 0:02:21] Black keeps a firm grip on the game.} (19. f4 $11 gxf4 20. gxf4) 19... Bxb5 20. Bxb5 {[%emt 0:00:05] [#] Hoping for Bxe5.} Kc7 21. b4 ({Don't play} 21. f4 gxf4 22. gxf4 Nc6 $19) (21. c6 $17 {was worth a try.} Nxc6 22. Bxc6 Kxc6 23. Rc1) 21... Rb8 $19 22. Bxd7 Nxd7 23. a3 Kc6 24. Rc1 a5 25. Bc3 (25. Rxc4 {is the only way for White.} Kd5 26. Rc1) 25... a4 26. Bd2 Kb5 27. Be3 Ne5 28. f4 (28. Bd2 $142) 28... Nc6 29. Kf2 Rd8 30. Ke1 h6 {[%emt 0:00:41] Black is clearly winning.} 31. Bd2 f5 32. g4 fxg4 33. hxg4 gxf4 34. Bc3 Bg5 {[%emt 0:00:57][%cal Of4f3] [#] aiming for ...f3!} 35. Rb1 f3 36. exf3 Rd3 {[%emt 0:00:07][%csl LRc3,LRf3] Weighted Error Value: White=0.73/Black=0.19 (very precise)} 0-1

[Event "Azerbaijan Women Championship 2022"]
[Site "Baku"]
[Date "2022.05.22"]
[Round "6.1"]
[White "Mamedjarova, Turkan"]
[Black "Allahverdiyeva, Ayan"]
[Result "1-0"]
[ECO "D38"]
[WhiteElo "2264"]
[BlackElo "2120"]
[Annotator "TA"]
[PlyCount "78"]
[EventDate "2022.05.17"]
[EventType "tourn"]
[EventCountry "AZE"]
[SourceTitle "playchess.com"]
[Source "ChessBase"]
[SourceQuality "1"]
[TimeControl "40/5400+30:1800+30"]

1. d4 Nf6 2. c4 e6 3. Nf3 d5 4. Nc3 Bb4 5. cxd5 exd5 6. Bg5 h6 7. Qa4+ Nc6 8. Bxf6 Qxf6 9. e3 O-O 10. a3 {[%emt 0:10:31] D38: Queen's Gambit Declined: Ragozin Defence (4 Nf3 Bb4).} Bxc3+ 11. bxc3 Qg6 12. Qb3 {[%emt 0:08:43] The position is equal.} Rd8 {[%emt 0:00:23] [#]} 13. h4 $146 ({Predecessor:} 13. Rc1 a6 14. Qb1 Bf5 15. Qxb7 Ra7 16. Qb3 Rb8 17. Qd1 Be4 18. Nd2 Na5 19. Nxe4 Qxe4 {½-½ (59) Charkhalashvili,I (2379)-Cornette,D (2406) Konya 2016}) 13... Na5 14. Qb4 Nc6 (14... b6 {with more complications.} 15. Ne5 Qe6 16. Qb1 c5) 15. Qb2 Bf5 16. Be2 (16. h5 $5 Qd6 17. c4 $11) 16... Re8 (16... Qxg2 $2 17. Rg1 Qh3 18. Rg3 $18 (18. Qxb7 Ne7 $11)) 17. h5 Qf6 18. Qxb7 Rab8 19. Qxc7 Rb2 20. Rd1 Reb8 (20... Rc8 $1 $11 21. Qf4 Na5) 21. Qf4 $16 {[%emt 0:04:09] Black is now going downhill.} Qe6 22. Nh4 Be4 23. Bg4 Qe7 24. Nf5 Qxa3 25. O-O Rd8 26. Qc7 Qa6 {[%emt 0:00:18] [#]} (26... Bxf5 27. Bxf5 Qd6 28. Qxd6 Rxd6) 27. Ne7+ $18 {[%emt 0:00:29] White is clearly winning.} Kh7 28. Nxc6 Re8 29. Nb4 Qf6 30. Ra1 Re7 31. Qf4 Qb6 32. Bf5+ Bxf5 33. Qxf5+ g6 34. hxg6+ fxg6 35. Qxd5 Qf6 36. Ra6 Qg7 37. Ra2 Rxa2 38. Qxa2 h5 39. Qd5 h4 {[%emt 0:00:09] Weighted Error Value: White=0.09 (flawless) /Black=0.31} 1-0

[Event "Azerbaijan Women Championship 2022"]
[Site "Baku"]
[Date "2022.05.22"]
[Round "6.2"]
[White "Mammadova, Gulnar"]
[Black "Abdulla, Khayala"]
[Result "1-0"]
[ECO "A48"]
[WhiteElo "2387"]
[BlackElo "2219"]
[Annotator "TA"]
[PlyCount "173"]
[EventDate "2022.05.17"]
[EventType "tourn"]
[EventCountry "AZE"]
[SourceTitle "playchess.com"]
[Source "ChessBase"]
[SourceQuality "1"]
[TimeControl "40/5400+30:1800+30"]

1. d4 Nf6 2. Nf3 g6 3. Nc3 d5 4. Bf4 Bg7 5. h3 O-O 6. e3 c5 7. Nb5 {[%emt 0:03:48] D00: 1 d4 d5: Unusual lines.} Nc6 8. c3 a6 9. Na3 {[%emt 0:06:38] [#] Black is slightly better.} b5 $146 ({Predecessor:} 9... Qb6 10. Rb1 Re8 11. Bd3 Ne4 12. Bxe4 dxe4 13. Nd2 cxd4 14. exd4 f5 15. O-O Be6 {1-0 (30) Bates,C (1900)-Colson,A (2148) Metz 2005}) 10. Be2 b4 11. cxb4 cxb4 12. Nb1 a5 13. Nbd2 Ba6 14. Rc1 Bxe2 15. Qxe2 Qb6 16. O-O a4 17. Rc5 Rac8 18. Qb5 Qxb5 19. Rxb5 Rfd8 20. Ne5 Nxe5 21. dxe5 Nd7 22. Nf3 (22. Rxd5 Nxe5 $1 23. Rxd8+ Rxd8 24. Bxe5 Rxd2 25. Bxg7 Kxg7 $17) 22... e6 23. Rxb4 Nc5 24. Rd4 Rb8 25. Rc1 Bf8 {[%emt 0:01:31] [#]} 26. Rc2 (26. Bh6 $1 $14 Rdc8 (26... Ne4 27. Bxf8) 27. Bxf8 Kxf8 28. Rd2) 26... Rd7 {[%emt 0:00:47] [#]} (26... Rdc8 $11 {keeps the balance.}) 27. Rdd2 (27. Bh6 $1 $16 {[%cal Rh6f8] Strongly threatening Bxf8.} Bxh6 (27... Be7 28. Rdd2) 28. Rxc5) 27... Rdb7 $14 28. Nd4 Rb6 29. f3 Kg7 30. h4 h6 31. g4 Be7 (31... Nb7 $11) 32. Bg3 R8b7 33. Bf2 Nd7 34. f4 Bb4 35. Re2 g5 (35... Bc5 $14) 36. hxg5 hxg5 37. Nf3 {[%emt 0:01:06] White is more active.} Be7 38. f5 $1 exf5 39. gxf5 f6 40. e6 ({Don't play} 40. e4 dxe4 41. Nxg5 (41. Rxe4 Rxb2 42. Rxb2 Rxb2 $14) (41. Bxb6 exf3 42. Red2 Nxb6 $11) 41... Rb5 $16) 40... Nc5 (40... Ne5 $142 41. Nd4 Bd6) 41. Be1 Ne4 42. Nd4 {[%emt 0:02:42] Against Rb5} Bd6 43. b3 (43. a3 $1 $18) 43... axb3 44. Nxb3 (44. axb3 $16 Bc5 45. Kg2) 44... Rb8 45. Nd2 {[%emt 0:02:20] Black must now prevent Nxe4.} Rb5 $2 (45... Rb4 $14) 46. Nxe4 dxe4 47. Red2 R8b6 {[%emt 0:03:20] [#]} 48. Rc8 (48. Bg3 $1 $16 Bxg3 49. Rd7+ Kh6 50. e7) 48... Rxf5 $11 49. Bg3 {[%emt 0:04:32] Inhibits Re5.} Be7 ({Much less strong is} 49... Bxg3 50. e7 Re5 51. e8=Q Rxe8 52. Rxe8 $14) (49... Rc5 $5 50. Ra8 Be7 $17) 50. Rc7 Rxe6 {[%emt 0:05:02] aiming for ...Kg6.} 51. Rdd7 (51. Bd6 $5 Kf8 52. Rc8+ Kf7 53. Rc7 $11) 51... Kf8 52. Be1 Ke8 53. a4 $1 Bd8 54. Rb7 Rc5 {[%emt 0:01:32] Prevents a5.} 55. Rh7 (55. a5 $5 Rcc6 56. Bb4 Rc1+ 57. Kh2 $11) 55... Re7 56. Rh8+ ({Better is} 56. Rhxe7+ $1 $15 Bxe7 57. Bb4 Rc1+ 58. Kf2) 56... Kf7 $17 57. Rb1 (57. Rb4 $17 {was necessary.} Rc1 58. Kf2 Rxe1 59. Kxe1) 57... Rd7 $19 58. Bb4 Rcd5 59. Kf2 Ke6 ({Black should try} 59... Rc7 {And now ...Rc2+ would win.} 60. Rh7+ Ke6 61. Rxc7 Bxc7) 60. Re8+ $17 Kf5 61. Ke2 Re5 (61... Ra7 $17 62. Ra1 Ra6) 62. Rf1+ $11 Kg6 63. Rxe5 fxe5 {[%emt 0:00:02][%mdl 4096] Endgame KRB-KRB} 64. a5 Ra7 65. Ra1 g4 66. a6 Bb6 {[%emt 0:00:12] Inhibits Bc5.} 67. Bd6 Rd7 ({Black should play} 67... Kf5 $11) 68. Bxe5 $14 {[%emt 0:00:26][%cal Oe5d4] Bd4! is the strong threat.} ({But not} 68. Bb8 Rd3 $11) 68... Ba7 $2 {[%emt 0:00:35][%mdl 8192] Inhibits Bd4.} (68... Ra7 $14) 69. Bd4 $1 $18 {[%emt 0:01:03] Threatening mate with Bxa7.} Kg5 $2 (69... Rh7 $18) 70. Bxa7 Rxa7 {[%emt 0:00:01] KR-KR} 71. Kf2 {[%emt 0:00:09] White wants to mate with Kg3.} Kh4 72. Kg2 Ra8 73. a7 {[%emt 0:00:05] White mates.} g3 74. Ra4 Kg4 75. Rxe4+ Kf5 76. Ra4 Ke5 77. Kxg3 Rg8+ 78. Kf3 Rf8+ 79. Ke2 Ra8 80. Kd3 Kd5 81. e4+ Kc5 82. Ke3 Kb5 83. Ra1 Kb6 84. e5 Kc7 85. Ke4 Kd7 86. Kd5 Kc7 87. e6 {[%emt 0:00:11] Both players deserved the win here.  Weighted Error Value: White=0.20 (precise) /Black=0.21 (precise)} 1-0

[Event "Azerbaijan Women Championship 2022"]
[Site "Baku"]
[Date "2022.05.22"]
[Round "6.3"]
[White "Beydullayeva, Govhar"]
[Black "Balajayeva, Khanim"]
[Result "1/2-1/2"]
[ECO "E17"]
[WhiteElo "2384"]
[BlackElo "2376"]
[Annotator "TA"]
[PlyCount "112"]
[EventDate "2022.05.17"]
[EventType "tourn"]
[EventCountry "AZE"]
[SourceTitle "playchess.com"]
[Source "ChessBase"]
[SourceQuality "1"]
[TimeControl "40/5400+30:1800+30"]

1. d4 Nf6 2. c4 e6 3. Nf3 b6 4. g3 Bb7 5. Bg2 Be7 6. O-O O-O 7. d5 exd5 8. Nh4 c6 9. cxd5 Nxd5 10. Nf5 Nc7 11. e4 d5 12. Nc3 Bf6 13. exd5 {[%emt 0:00:20] E17: Queen's Indian: 4 g3 Bb7 5 Bg2 Be7.} Nxd5 14. Nxd5 cxd5 15. Ne3 Nc6 16. Nxd5 Be5 17. Qg4 Re8 18. Be3 {[%emt 0:03:25] Against Nd4} Bxb2 {[%emt 0:32:52] Hoping for ...Ne5.} (18... Qc8 $5 19. Qa4 Bxb2 $11) 19. Rad1 {[%emt 0:00:29][%cal Od5b6] Threatens to win with Nxb6!} Qc8 $1 (19... Ne5 $2 20. Qb4 $18) 20. Qh4 h6 {[%emt 0:09:55] [#]} 21. Bh3 $146 ({Predecessor:} 21. Rfe1 Qb8 22. Re2 Be5 23. Red2 Re6 24. f4 Bf6 25. Qg4 Qc8 26. Qf3 Na5 27. f5 {1-0 (52) Sirotkin,E (1865)-Ederer,K (1930) LSS email 2018}) 21... Qd8 {[%emt 0:04:23][%cal Oc6d4] Strongly threatening ...Nd4!} 22. Qa4 {[%emt 0:03:05] Against Nd4} Na5 $2 {[%emt 0:24:23][%mdl 8192] [#]} (22... Rb8 $11) 23. Nxb6 $1 $18 Qf6 24. Nd5 Bxd5 25. Rxd5 Nc6 26. Bd7 Ne7 27. Rd2 {[%emt 0:03:16] 0x0.001de029940adp-1022s more active pieces.} Red8 28. Rfd1 $1 Ng6 29. Qc6 (29. Rd6 $142 Qc3 30. R6d5) 29... Ne7 (29... Be5 $16 {keeps fighting.}) 30. Qc2 Be5 (30... Rab8 {was worth a try.} 31. Bxa7 Ra8) 31. f4 Bb8 32. Bd4 {[%emt 0:13:54] A strong pair of Bishops.} Qa6 33. Qe4 Bd6 {[%emt 0:00:06] [#]} 34. Bxg7 $2 Rxd7 $11 35. Qxa8+ Kxg7 36. Qe4 Bc5+ 37. Kg2 Qb7 38. Kf3 {[%emt 0:01:20] Dancing on a razor blade.} Qxe4+ 39. Kxe4 Rb7 40. Rc2 Rb4+ 41. Kf3 Bb6 42. Kg4 Rb5 {[%emt 0:01:18] White must now prevent ...Nd5.} 43. Rd7 Nd5 44. Kf3 Ra5 45. Re2 (45. Rb2 $15) 45... Ra3+ $17 46. Kg2 Rd3 ({Black should try} 46... Ne3+ $17 47. Kf2 h5) 47. Ree7 $1 $132 {[%emt 0:02:25][%mdl 2048] White is fighting back} Rd2+ 48. Kh3 Bg1 49. Rxf7+ Kg6 50. f5+ {[%emt 0:15:35] [#]} (50. g4 $11) 50... Kg5 (50... Kh5 $1 $17 51. g4+ Kg5 52. Rxd5 (52. Rg7+ $2 {leads to mate.} Kf4 53. Rh7 Rxh2#) 52... Rxd5 53. Rg7+ Kf4) 51. Rg7+ $1 $15 Kxf5 52. Rgf7+ Ke6 53. Rfe7+ $1 Kf5 54. Rf7+ $1 Ke4 55. Rfe7+ {[%emt 0:00:05] [#]} Kf5 ({But not} 55... Nxe7 $6 56. Rxd2 Bd4 57. Rc2 $11 (57. Re2+ Be3 $11)) ({Better is} 55... Kf3 $1 $17 56. Rf7+ Ke3) 56. Rf7+ $1 $11 Ke5 {Black escapes into a draw.  Weighted Error Value: White=0.20 (precise) /Black=0.31} 1/2-1/2

[Event "Azerbaijan Women Championship 2022"]
[Site "Baku"]
[Date "2022.05.22"]
[Round "6.4"]
[White "Fataliyeva, Ulviyya"]
[Black "Hajiyeva, Laman"]
[Result "0-1"]
[ECO "D10"]
[WhiteElo "2348"]
[BlackElo "1971"]
[Annotator "TA"]
[PlyCount "96"]
[EventDate "2022.05.17"]
[EventType "tourn"]
[EventCountry "AZE"]
[SourceTitle "playchess.com"]
[Source "ChessBase"]
[SourceQuality "1"]
[TimeControl "40/5400+30:1800+30"]

1. d4 d5 2. c4 c6 3. cxd5 cxd5 4. Bf4 Nf6 5. Nc3 Nc6 6. e3 Bf5 7. Qb3 Na5 $1 8. Qa4+ {[%emt 0:00:09] D10: Slav Defence: 3 cxd5 (without early Nf3) and 3 Nc3.} Bd7 9. Qc2 {[%emt 0:00:05] With the idea Nb5.} e6 10. Bd3 {[%emt 0:00:26] The position is equal.} Rc8 11. Nf3 Bb4 $1 {[%emt 0:02:10][%cal Of6e4][%mdl 4] is now more promising than 11...Be7.} 12. O-O O-O 13. Ne5 h6 14. h3 Qe7 15. Rfc1 {[%emt 0:07:19] [#]} Bxc3 $146 ({Predecessor:} 15... a6 16. Qd1 Nc4 17. Bxc4 dxc4 18. Bg3 Be8 19. Bh4 g5 20. Bg3 Bxc3 21. bxc3 Ne4 {½-½ (35) Neto,H (2615)-Hall,R (2642) ICCF email 2012}) 16. bxc3 Nc4 (16... Rfd8 $14 {should be considered.}) 17. Bxc4 $16 dxc4 18. e4 Rfd8 19. Bg3 ({Reject} 19. Nxd7 Nxd7 20. Be3 e5 $11) 19... Nh5 20. Bh2 b5 21. Nxd7 (21. a4 $16) 21... Rxd7 $11 22. Rab1 a6 23. a4 b4 24. cxb4 {[%emt 0:13:14] Qe2 is the strong threat.} Rxd4 25. b5 (25. Be5 $5 Rdd8 26. Rd1 $11) 25... axb5 26. Rxb5 Nf6 {[%emt 0:02:21] Strongly threatening ...c3.} 27. Be5 Rd7 (27... Rd3 $5 ) 28. Qe2 Qd8 29. Bc3 ({Not} 29. Rxc4 $2 Rxc4 30. Qxc4 Rd1+ 31. Kh2 Ng4+ $1 32. Kg3 Rd3+ 33. f3 Ne3 $19) 29... Rd3 30. Kh2 Ne8 31. Qg4 (31. e5 $14) 31... Qc7+ 32. Kg1 Qd6 33. Be5 ({Better is} 33. Rb7 $11) 33... Qa6 $15 34. Kh2 Qxa4 35. Rb7 {[%emt 0:00:02] Hoping for Ra1.} c3 {[%emt 0:02:30] White must now prevent ...c2.} 36. Qf4 $2 (36. Qh5 $11 Qxe4 37. Qxf7+ Kh7 {[#]} 38. Qxe6 $1 (38. Bxg7 $2 Nd6 $19)) 36... f6 $19 37. Bb8 $2 (37. Bxc3 Rdxc3 38. Rxc3 Rxc3 39. Re7) 37... Qc6 38. Rb3 g5 39. Qg4 {[%emt 0:00:41] [#]} Rxb8 $1 40. Rxb8 Qd6+ 41. g3 Qxb8 42. Qxe6+ Kf8 {[%emt 0:00:58] aiming for ...Qb2.} 43. Qc4 Qb2 44. Qc5+ Nd6 {[%emt 0:00:27] Black mates.} 45. Re1 c2 46. e5 fxe5 47. Rxe5 c1=Q 48. Rf5+ Kg8 {[%emt 0:00:32] Weighted Error Value: White=0.68/Black=0.11 (very precise)} 0-1

[Event "Azerbaijan Women Championship 2022"]
[Site "Baku"]
[Date "2022.05.23"]
[Round "7.1"]
[White "Allahverdiyeva, Ayan"]
[Black "Mammadova, Gulnar"]
[Result "0-1"]
[ECO "C76"]
[WhiteElo "2120"]
[BlackElo "2387"]
[Annotator "TA"]
[PlyCount "78"]
[EventDate "2022.05.17"]
[EventType "tourn"]
[EventCountry "AZE"]
[SourceTitle "playchess.com"]
[Source "ChessBase"]
[SourceQuality "1"]
[TimeControl "40/5400+30:1800+30"]

1. e4 e5 2. Nf3 Nc6 3. Bb5 a6 4. Ba4 d6 5. c3 Bd7 6. d4 g6 $1 {[%emt 0:00:12] 6...g6 scores better than 6...Nge7.} 7. d5 {[%emt 0:09:00] C76: Ruy Lopez: Deferred Steinitz: 5 c3 Bd7 6 d4 g6.} Nce7 8. Bxd7+ Qxd7 9. c4 {[%emt 0:02:44] The position is equal.} Bg7 10. Nc3 h6 {[%emt 0:00:24] [#]} 11. Rg1 $146 (11. Qb3 $11) ({Predecessor:} 11. O-O f5 12. exf5 gxf5 13. Qb3 b6 14. Re1 Nf6 15. a4 a5 16. Nb5 O-O 17. Bd2 Ne4 18. Rad1 Ng6 19. Be3 Qf7 {1-0 (58) Sevian,S (2578)-Demchenko,A (2596) Chess.com INT 2015}) 11... f5 12. h3 Nf6 13. Nd2 (13. exf5 $11 {keeps the balance.} gxf5 14. Qe2) 13... c6 (13... b5 $17) 14. h4 (14. g4 $11) 14... O-O 15. Nf1 (15. a4 $17) 15... b5 $19 16. dxc6 Qxc6 17. cxb5 axb5 18. Qb3+ Qc4 19. Qxb5 (19. Qxc4+ {might work better.} bxc4 20. Nd2) 19... Qe6 ({Wrong is} 19... Qxb5 $2 20. Nxb5 Nxe4 21. Nd2 $19) 20. exf5 gxf5 ({Worse is} 20... Nxf5 21. Ne3 $17) 21. Rh1 d5 22. Nd2 d4 23. Ne2 Nfd5 24. Nb3 (24. Rh3 $142) 24... Rfb8 25. Qc4 Rc8 26. Qb5 Rab8 27. Qa4 Nb4 $2 (27... d3 28. Nc3 Ra8) 28. Kf1 Qd5 (28... Nc2 $142 29. Rb1 f4) 29. Rh3 $2 (29. Bd2 Nc2 30. Rd1) 29... Nc2 {[%emt 0:02:54] [#] White must now prevent ...Ra8.} 30. Qa6 Nxa1 31. Nxa1 Ra8 32. Qb6 d3 {[%emt 0:02:00] Hoping for ...Rxc1+.} 33. Nc3 d2 34. Bxd2 Qxd2 35. Nb3 Qxb2 36. Qe6+ Kf8 37. Rg3 Rxc3 {[%emt 0:00:46] Black mates.} 38. Rxg7 Qb1+ ({Weaker is} 38... Kxg7 39. Qxe7+ Kh8 40. Qf6+ Kh7 41. Qf7+ Kh8 42. Qf6+ Kh7 43. Qf7+ Kh8 44. Qf6+ $11) 39. Ke2 Rxa2+ {[%emt 0:00:15] White got outplayed after the opening.  Weighted Error Value: White=0.96/Black=0.21 (precise)} 0-1